 Dungeon Sprint DCSS version 0.27.1-34-g3ba077fa99 (webtiles) character file.

Game seed: 2560814076189123082

3854 Karpo the Ninja (level 9, -1/39 HPs)
             Began as a Spriggan Enchanter on Feb 10, 2022.
             Was a Priest of Sif Muna.
             Killed from afar by an oklob plant (15 damage)
             ... with a splash of acid
             ... in the Dungeon (Sprint I: "Red Sonja").
             The game lasted 00:05:32 (1159 turns).

Karpo the Ninja (Spriggan Enchanter)                Turns: 1159, Time: 00:05:33

Health: -1/39      AC: -2    Str:  4    XL:     9   Next: 99%
Magic:  11/14      EV: 18    Int: 19    God:    Sif Muna [***...]
Gold:   963        SH:  0    Dex: 22    Spells: 1/13 levels left

rFire    . . .     SeeInvis +   a - +1 dagger
rCold    . . .     Faith    .   (shield restricted)
rNeg     . . .     Spirit   .   b - +0 robe
rPois    .         Reflect  .   (helmet restricted)
rElec    .         Harm     .   (no cloak)
rCorr    .         Rampage  .   (gloves unavailable)
Will     +....     NoTele   +   (boots unavailable)
Stlth    ++++++++++             (no amulet)
HPRegen  0.13/turn              m - +6 ring of dexterity
MPRegen  0.14/turn              (no ring)

@: confusing by touch, corroded, very quick
A: very small, no large weapons, unfitting armour, see invisible, speed 3
a: Renounce Religion, Channel Magic, Forget Spell


You were in the Dungeon.
You worshipped Sif Muna.
Sif Muna was most pleased with you.
You visited 1 branch You collected 963 gold pieces.

Inventory:

Hand Weapons
 a - a +1 dagger (weapon)
 j - a +0 dagger of distortion
Missiles
 k - 2 curare-tipped darts
Armour
 b - a +0 robe (worn)
Jewellery
 m - a +6 ring of dexterity (left hand)
Wands
 g - a wand of flame (19)
Scrolls
 h - a scroll of blinking
 i - a scroll of immolation {unknown}
 l - 3 scrolls of vulnerability {unknown}
Potions
 c - 3 potions of curing
 d - a potion of heal wounds
 e - a potion of haste
 f - 2 potions of magic


   Skills:
 + Level 11.8 Short Blades
 - Level 2.6 Dodging
 O Level 27 Stealth
 - Level 2.6 Spellcasting
 - Level 3.6 Hexes


You had one spell level left.
You knew the following spells:

 Your Spells              Type           Power      Damage    Failure   Level
a - Corona                Hex            17%        N/A       3%          1
b - Ensorcelled Hibernat  Hex/Ice        18%        N/A       12%         2
c - Confusing Touch       Hex            16%        N/A       11%         3
d - Dazzling Flash        Conj/Hex       18%        N/A       22%         3
e - Tukima's Dance        Hex            16%        N/A       11%         3

Your spell library contained the following spells:

 Spells                   Type           Power      Damage    Failure   Level


Dungeon Overview and Level Annotations

Branches:
Dungeon (1/1)

Altars:
Cheibriados
Dithmenos
Elyvilon
Fedhas
Gozag
Hepliaklqana
Kikubaaqudgha
Makhleb
Nemelex Xobeh
Okawaru
Qazlal
Ru
Sif Muna
Trog
Uskayaw
Vehumet
Wu Jian
Xom
Yredelemnul
Zin
The Shining One
Jiyva
Lugonu

Shops:
D ?:[

Annotations:
D exclusion: oklob plant


Innate Abilities, Weirdness & Mutations

You are very small and have problems with some larger weapons.
You are too small for most types of armour.
You have supernaturally acute eyesight. (SInv)
You cover ground extremely quickly. (Speed+++)


Message History

a +0 longbow; 25 arrows
Things that are here:
a +0 shortbow; 11 arrows; a centaur corpse You see here 16 poisoned darts.
You see here 18 stones.
Things that are here:
a +0 shortbow; 11 arrows; a centaur corpse You open the door.
A hornet comes into view.
Found 108 gold pieces.
There is an open door here.
The helpless hornet fails to defend itself.
You skewer the hornet like a kebab!!!!!
You kill the hornet!
Sif Muna accepts your kill.
You now have 882 gold pieces (gained 27).
You now have 909 gold pieces (gained 27).
You now have 936 gold pieces (gained 27).
You now have 963 gold pieces (gained 27).
You open the door.
An oklob plant comes into view.
Marking area around an oklob plant as unsafe for travelling.
There is an open door here.
You hit the oklob plant.
The oklob plant is lightly damaged.
Casting: Ensorcelled Hibernation (safe; 12% risk of failure)
Confirm with . or Enter, or press ? or * to list all spells.
You can't see any susceptible monsters within range! (Use Z to cast anyway.)
Casting: Ensorcelled Hibernation (safe; 12% risk of failure)
Confirm with . or Enter, or press ? or * to list all spells.
Your hands begin to glow red.
The oklob plant spits acid at you. The splash of acid hits you!
The acid corrodes you!
You are splashed with acid!
You hit the oklob plant but do no damage.
The oklob plant is lightly damaged.
You hit the oklob plant but do no damage.
The oklob plant is lightly damaged.
The oklob plant spits acid at you. The splash of acid hits you!
You die...

###################
..#..'..#__#.)+...#
..'.)#..'..'..#...#
#'#####'#__####..s'.s#
..#...#(####((#####ss+
###..##§#§≈≈§§#..# ##
__##'#_.'≈§§§§'..#
...'..._#≈≈§§§#..#
__##_.#'##§#####@#
__###'#.#.(§.###P+
#####.####'###.###
.).'...'..÷..')∩#
####...##########
###.### #.#'#.#
#.....# #...[.#


You could see an oklob plant.

Vanquished Creatures
  2 centaur warriors (D)
  Sonja (D)
  A deep troll (D)
  2 kobold demonologists (D)
  A hornet (D)
  A slime creature (D)
  Sigmund (D)
  A yak (D)
  A floating eye (D)
  An ogre (D)
  A jelly (D)
  Ijyb (D)
  A ballistomycete spore (D)
15 creatures vanquished.

Vanquished Creatures (others)
  A ballistomycete spore (D)
1 creature vanquished.

Grand Total: 16 creatures vanquished

Notes
Turn   | Place    | Note
-------+----------+-------------------------------------------
     0 | D        | Karpo the Spriggan Enchanter began the quest for the Orb.
     0 | D        | Reached XP level 1. HP: 9/9 MP: 5/5
     1 | D        | Noticed Ijyb
    19 | D        | Killed Ijyb
    20 | D        | Reached skill level 10 in Stealth
    20 | D        | Reached XP level 2. HP: 13/13 MP: 6/6
    73 | D        | Learned a level 2 spell: Ensorcelled Hibernation
    75 | D        | Noticed an ogre
    83 | D        | Killed an ogre
    84 | D        | Reached skill level 14 in Stealth
    84 | D        | Reached XP level 3. HP: 16/16 MP: 2/8
    84 | D        | Reached XP level 4. HP: 21/21 MP: 2/9
   148 | D        | Learned a level 3 spell: Confusing Touch
   158 | D        | Noticed Sigmund
   164 | D        | Killed Sigmund
   165 | D        | Reached skill level 18 in Stealth
   165 | D        | Reached XP level 5. HP: 18/24 MP: 6/10
   165 | D        | Reached XP level 6. HP: 21/28 MP: 6/11
   249 | D        | Found a shimmering blue altar of Sif Muna.
   250 | D        | Found an ornate altar of the Wu Jian Council.
   251 | D        | Found a radiant altar of Vehumet.
   256 | D        | Became a worshipper of Sif Muna the Loreminder
   470 | D        | Learned a level 3 spell: Dazzling Flash
   485 | D        | Found Soogg's Book Emporium.
   485 | D        | Found an ancient bone altar of Kikubaaqudgha.
   485 | D        | Found a hazy altar of Hepliaklqana.
   485 | D        | Found a hide-covered altar of Uskayaw.
   485 | D        | Found a basalt altar of Yredelemnul.
   485 | D        | Found an opulent altar of Gozag.
   485 | D        | Found a snail-covered altar of Cheibriados.
   485 | D        | Found a sacrificial altar of Ru.
   485 | D        | Found a shadowy altar of Dithmenos.
   485 | D        | Noticed a yak
   491 | D        | Killed a yak
   492 | D        | Reached skill level 20 in Stealth
   581 | D        | Found a stormy altar of Qazlal.
   581 | D        | Found a blossoming altar of Fedhas.
   581 | D        | Found a bloodstained altar of Trog.
   581 | D        | Found an iron altar of Okawaru.
   581 | D        | Found a glowing golden altar of the Shining One.
   581 | D        | Found a glowing silver altar of Zin.
   581 | D        | Found a white marble altar of Elyvilon.
   582 | D        | Found a sparkling altar of Nemelex Xobeh.
   592 | D        | Noticed Sonja
   596 | D        | Killed Sonja
   596 | D        | Reached * piety under Sif Muna
   597 | D        | Reached skill level 23 in Stealth
   597 | D        | Reached XP level 7. HP: 32/32 MP: 12/12
   597 | D        | Reached XP level 8. HP: 36/36 MP: 13/13
   613 | D        | Found Jorghek's Magic Scroll Boutique.
   735 | D        | Noticed a deep troll
   739 | D        | Killed a deep troll
   740 | D        | Reached skill level 25 in Stealth
   751 | D        | Found Woigoevo's Armour Emporium.
   785 | D        | Found a viscous altar of Jiyva.
   785 | D        | Found a corrupted altar of Lugonu.
   785 | D        | Noticed a slime creature
   786 | D        | Found a burning altar of Makhleb.
   786 | D        | Found a shimmering altar of Xom.
   788 | D        | Killed a slime creature
   793 | D        | Learned a level 3 spell: Tukima's Dance
   805 | D        | Noticed a kobold demonologist
   806 | D        | Noticed a kobold demonologist
   808 | D        | Noticed a hellwing
   809 | D        | Paralysed by a floating eye for 2 turns
   811 | D        | Noticed a smoke demon
   812 | D        | Reached ** piety under Sif Muna
   927 | D        | Killed a kobold demonologist
   928 | D        | Reached skill level 26 in Stealth
   928 | D        | Reached XP level 9. HP: 26/39 MP: 9/14
  1032 | D        | Noticed a shining eye
  1032 | D        | Noticed a shining eye
  1033 | D        | Noticed a shining eye
  1082 | D        | Noticed a demonic crawler
  1082 | D        | Noticed a demonic crawler
  1082 | D        | Noticed a demonic crawler
  1082 | D        | Noticed a demonic crawler
  1094 | D        | Killed a kobold demonologist
  1095 | D        | Reached skill level 27 in Stealth
  1110 | D        | Noticed a centaur warrior
  1128 | D        | Noticed a centaur warrior
  1131 | D        | Killed a centaur warrior
  1132 | D        | Killed a centaur warrior
  1132 | D        | Reached *** piety under Sif Muna
  1154 | D        | Noticed an oklob plant
  1159 | D        | Killed from afar by an oklob plant

Illustrated notes

Levels and vault maps discovered:
D:        dungeon_sprint_1 [red_sonja_temple_1, red_sonja_temple_small_1]

Skill      XL: |  1  2  3  4  5  6  7  8  9 |
---------------+----------------------------+-----
Stealth        | 10 14 18 23 26 27 | 27.0
Short Blades   | 11 | 11.8
Dodging        | |  2.6
Spellcasting   | |  2.6
Hexes          | |  3.6

Action                   |  1- 3 |  4- 6 |  7- 9 || total
-------------------------+-------+-------+-------++-------
Melee: Dagger            |    15 |     9 |    13 ||    37
 Cast: Ensorcelled Hiber |     2 |     5 |     3 ||    10
       Confusing Touch   |       |     1 |     1 ||     2
  Use: Potion            |     1 |       |       ||     1
       Scroll            |       |       |     1 ||     1
 Stab: Sleeping          |     1 |     3 |     8 ||    12
       Confused          |       |     2 |       ||     2
       Distracted        |       |       |     1 ||     1
Armor: Robe              |       |       |     1 ||     1
Dodge: Dodged            |     8 |     5 |     5 ||    18
